 Dungeon Crawl Stone Soup version 0.16-a0-1196-ged0958e (webtiles) character file.

1534 RobertPalmer the Nimble (level 8, -9/52 HPs)
             Began as an Octopode Monk on Oct 11, 2014.
             Mangled by an ice beast (14 damage)
             ... on level 5 of the Dungeon.
             The game lasted 00:14:21 (6752 turns).

RobertPalmer the Nimble (Octopode Monk)             Turns: 6752, Time: 00:14:21

Health: -9/52      AC:  1    Str: 11    XL:     8   Next: 86%
Magic:  8/8        EV: 18    Int: 16    God:
Gold:   192        SH:  0    Dex: 14    Spells: 1 memorised, 5 levels left

rFire  . . .     SeeInvis .     D - +1 dagger (speed)
rCold  . . .     Clarity  .     (no shield)
rNeg   + . .     SustAb   .     z - +0 hat
rPois  .         Gourm    .     f - amulet of warding
rElec  .         Spirit   .     t - +2 ring of intelligence
rCorr  .         Warding  +     (no ring)
rMut   .         Stasis   .     (no ring)
MR     .....                    (no ring)
Stlth  +++.......               (no ring)
                                (no ring)
                                (no ring)
                                (no ring)

@: not resistant to hostile enchantments, fairly stealthy
A: almost no armour, amphibious, 8 rings, constrict 8, camouflage 1, gelatinous
body 1
a: no special abilities


You were on level 5 of the Dungeon.
You were hungry.

You visited 1 branch of the dungeon, and saw 5 of its levels.
You also visited: Sewer.

You collected 247 gold pieces.
You spent 55 gold pieces at shops.


Innate Abilities, Weirdness & Mutations

You cannot wear most types of armour.
You are amphibious.
You can wear up to eight rings at the same time.
You can use your tentacles to constrict many enemies at once.
Your skin changes colour to match your surroundings (Stealth).
Your rubbery body absorbs attacks (AC +1).


   Skills:
 - Level 3.0 Fighting
 - Level 5.1 Short Blades
 + Level 9.8 Dodging
 - Level 2.6 Stealth
 - Level 4.0 Unarmed Combat


You had 5 spell levels left.
You knew the following spells:

 Your Spells              Type           Power        Failure   Level  Hunger
s - Swiftness             Chrm/Air       #.......     38%         2    ###....

Inventory:

Hand weapons
 a - a +2 dagger of venom
 b - a +0 blowgun
 D - a +1 dagger of speed (weapon)
Missiles
 q - 13 poisoned needles
Armour
 z - a +0 hat (worn)
Magical devices
 A - a wand of fire (0)
 C - a wand of hasting (2) {!d}
Comestibles
 h - 2 beef jerkies
 i - a royal jelly
 n - 6 meat rations
 p - 5 bread rations
 u - 2 fruits
Scrolls
 c - a scroll of amnesia
 e - 3 scrolls of remove curse
 k - a scroll of enchant armour {unknown}
 l - a scroll of random uselessness {unknown}
 v - a scroll of teleportation
 x - a scroll of immolation {unknown}
 y - a scroll of recharging {unknown}
 F - 2 scrolls of identify
 H - 2 scrolls of fog
Jewellery
 f - an amulet of warding (around mantle)
 t - a +2 ring of intelligence (left tentacle)
Potions
 g - 2 potions of magic {unknown}
 j - 3 potions of flight {unknown}
 m - a potion of beneficial mutation {unknown}
 o - 4 potions of curing
 r - a potion of heal wounds
 s - 2 potions of restore abilities {unknown}
 w - a potion of brilliance {unknown}
 B - a potion of resistance {unknown}
 E - a potion of cure mutation {unknown}
Books
 G - a book of Air

Dungeon Overview and Level Annotations

Branches:
Dungeon (5/15)
 Temple: D:4-7

Altars:
Sif Muna
Vehumet
Xom
Yredelemnul

Shops:
D:5

! ..........## +###.##..#
...........#####.'..?#..#
.............##'###.##..#
............##..#####..##
............#....#....##
............#(.)().####
............##..##.#
.............####Y.#
......#####.....@.##
.##...#####.#######
.##...##.........#
......##.........#
####..##.........#
##...>#####.######
........# #.# ........#
#.# ........# #.#


You could see an ice beast.


Message History

The ice beast is moderately wounded.
Drink which item? (? for menu, Esc to quit)
You feel much better. The ice beast hits you. The ice beast freezes you!
* * * LOW HITPOINT WARNING * * *
You closely miss the ice beast. You squeeze the ice beast.
The ice beast is heavily wounded.
The ice beast closely misses you.
You hit the ice beast but do no damage.
The ice beast is heavily wounded.
You hit the ice beast. You tentacle-slap the ice beast.
The ice beast is severely wounded.
The ice beast hits you but does no damage.
There is an open door here.
Evoke which item? (* to show all) (? for menu, Esc to quit)
Zapping:
A - a wand of fire {zapped: 10} (will waste charges)
Aim: an ice beast (severely wounded) Nothing appears to happen.
You are feeling hungry.
The ice beast hits you.
* * * LOW HITPOINT WARNING * * *
The ice beast freezes you!
* * * LOW HITPOINT WARNING * * *
There is an open door, spattered with blood here.
Things that are here:
a dagger; a leather armour Unknown command.
The ice beast hits you.
* * * LOW HITPOINT WARNING * * *
The ice beast freezes you!
You die...

Action                   |  1- 3 |  4- 6 |  7- 9 || total
-------------------------+-------+-------+-------++-------
Melee: Unarmed           |    61 |   170 |    12 ||   243
       Dagger            |       |       |   195 ||   195
 Fire: Blowgun           |       |     5 |     8 ||    13
Throw: Throwing net      |     1 |       |     1 ||     2
Evoke: Wand              |       |       |     5 ||     5
  Use: Scroll            |       |     7 |     1 ||     8
       Potion            |       |       |     2 ||     2
 Stab: Sleeping          |     5 |    10 |    11 ||    26
       Held in net/web   |     1 |       |       ||     1
  Eat: Chunk             |     1 |     9 |     8 ||    18

Vault maps used:
D:1:      dpeg_arrival_ternary
D:2:      lemuel_round_altar, vehumet_crystals
D:3:      led_sif_book, portal_sewer_entry_e
D:4:      corexii_shantytown, temple_fountains, first_bread
D:5:      kennysheep_mini_moat, serial_shops, shop_fountains,
          minmay_joined_circles
Sewer:    sewer_kobolds

Notes
Turn   | Place    | Note
--------------------------------------------------------------
     0 | D:1      | RobertPalmer, the Octopode Monk, began the quest for the Orb.
     0 | D:1      | Reached XP level 1. HP: 16/16 MP: 1/1
   149 | D:1      | Reached XP level 2. HP: 3/21 MP: 2/2
   860 | D:1      | Reached skill level 4 in Dodging
   930 | D:2      | Reached XP level 3. HP: 22/26 MP: 3/3
  1365 | D:2      | Reached XP level 4. HP: 21/31 MP: 4/4
  1605 | D:2      | Found a basalt altar of Yredelemnul.
  1654 | D:2      | Reached skill level 5 in Dodging
  1809 | D:2      | Found a radiant altar of Vehumet.
  2146 | D:3      | Found a deep blue altar of Sif Muna.
  2182 | D:3      | Reached XP level 5. HP: 27/36 MP: 5/5
  2513 | D:3      | Found a glowing drain.
  2516 | D:3      | Reached skill level 6 in Dodging
  2520 | Sewer    | Entered a sewer
  3051 | Sewer    | Reached XP level 6. HP: 38/42 MP: 6/6
  3116 | Sewer    | Found a white marble altar of Elyvilon.
  3842 | D:4      | Reached skill level 7 in Dodging
  4036 | D:4      | Found a staircase to the Ecumenical Temple.
  4151 | D:4      | Reached XP level 7. HP: 14/46 MP: 7/7
  4580 | D:4      | Reached skill level 8 in Dodging
  5565 | D:5      | Entered Level 5 of the Dungeon
  5762 | D:5      | Found Shrifen's Distillery.
  5773 | D:5      | Bought a potion of heal wounds for 33 gold pieces
  5773 | D:5      | Bought a potion of curing for 22 gold pieces
  5811 | D:5      | Reached skill level 9 in Dodging
  5811 | D:5      | Reached XP level 8. HP: 26/52 MP: 8/8
  6006 | D:5      | Reached skill level 2 in Short Blades
  6176 | D:5      | Identified a wand of hasting (You found it on level 5 of the Dungeon)
  6199 | D:5      | Reached skill level 3 in Short Blades
  6246 | D:5      | Reached skill level 4 in Short Blades
  6504 | D:5      | Reached skill level 5 in Short Blades
  6529 | D:5      | Learned a level 2 spell: Swiftness
  6658 | D:5      | Found a shimmering altar of Xom.
  6752 | D:5      | HP: 5/52 [ice beast (5)]
  6752 | D:5      | Mangled by an ice beast

Vanquished Creatures
  2 sky beasts (D:5)
  3 ogres
  An ice beast (D:5)
  2 centaurs (D:5)
  A big kobold (Sewer)
  A scorpion (D:4)
  A giant frog zombie (D:5)
  A hound (D:4)
  A crimson imp (D:5)
  A giant frog skeleton (D:5)
  3 orc priests (D:4)
  4 orc wizards
  2 worker ants
  10 adders
  3 gnolls
  An orc skeleton (D:5)
  4 giant mites
  2 green rats (Sewer)
  A shadow imp (D:5)
  2 worms
  An iguana skeleton (D:4)
  2 giant geckos
  An ooze (D:1)
  22 orcs
  A ball python (D:4)
  15 hobgoblins
  10 jackals
  5 quokkas
  13 bats
  2 giant cockroaches
  4 giant newts
  24 goblins
  A goblin skeleton (D:5)
  20 kobolds
  A kobold skeleton (D:4)
  17 rats
185 creatures vanquished.
